 Dungeon Crawl Stone Soup version 0.31.0-12-g77e489cdc1 (webtiles) character file.

Game seed: 2002155535536508611

12906 Curundu the Basher (level 11, -5/95 HPs)
             Began as a Minotaur Berserker on Feb 16, 2024.
             Was a Priest of Trog.
             Slain by a molten gargoyle
             ... wielding a +0 flail
              (9 damage)
             ... on level 10 of the Dungeon on Feb 19, 2024.
             The game lasted 00:29:59 (8443 turns).

Curundu the Basher (Minotaur Berserker)             Turns: 8443, Time: 00:30:02

Health: -5/95      AC: 20    Str: 33    XL:     11   Next: 68%
Magic:  0/10       EV: 10    Int:  9    God:    Trog [***...]
Gold:   517        SH:  5    Dex:  9    Spells: 10/10 levels left

rFire   . . .        q - +11 flail of Broken Luck {pain, Int+5}
rCold   . . .        E - +0 buckler
rNeg    . . .        y - +1 plate armour
rPois   .            (helmet restricted)
rElec   .            l - +0 cloak
rCorr   .            k - +0 pair of gloves
SInv    .            D - +0 pair of boots
Will    .....        a - amulet of guardian spirit Stlth
                     c - +6 ring of strength
HPRegen 0.35/turn    (no ring)
MPRegen 0.12/turn

%: guardian spirit
@: about to teleport
A: horns 2, retaliatory headbutt
a: Renounce Religion, Berserk, Trog's Hand


You were on level 10 of the Dungeon.
You worshipped Trog.
Trog was most pleased with you.
You visited 2 branches of the dungeon, and saw 11 of its levels.

You collected 517 gold pieces.

Inventory:

Hand Weapons
 o - a +1 war axe
 q - the +11 flail of Broken Luck (weapon) {pain, Int+5}
   (You found it on level 3 of the Dungeon)

   Int+5:     It affects your intelligence (+5).
Missiles
 f - 6 boomerangs (quivered)
 F - 6 javelins
Armour
 k - a +0 pair of gloves (worn)
 l - a +0 cloak (worn)
 m - a scarf of shadows
 y - a +1 plate armour (worn)
 D - a +0 pair of boots (worn)
 E - a +0 buckler (worn)
Jewellery
 a - an amulet of guardian spirit (around neck)
 c - a +6 ring of strength (left hand)
 e - a +6 ring of dexterity
 B - an amulet of reflection
Wands
 r - a wand of flame (15)
 t - a wand of iceblast (26)
 u - a wand of mindburst (8)
 G - a wand of digging (13)
Scrolls
 b - a scroll of fear
 d - a scroll of amnesia
 j - 3 scrolls of enchant weapon
 w - a scroll of teleportation
 z - 2 scrolls of vulnerability
Potions
 h - 5 potions of berserk rage
 i - 2 potions of might
 p - 2 potions of curing {unknown}
 s - a potion of enlightenment {unknown}
 v - a potion of cancellation {unknown}
 x - 3 potions of lignification {unknown}
 A - 2 potions of ambrosia {unknown}
 C - a potion of resistance {unknown}


   Skills:
 + Level 8.8 Fighting
 + Level 6.2(10.0) Axes
 + Level 12.1(12.7) Maces & Flails
 + Level 10.4 Armour
 * Level 7.9 Dodging
 + Level 0.4 Stealth
 * Level 7.1 Shields
 * Level 5.3 Evocations


You had 10 spell levels left.
You didn't know any spells.
Your spell library was empty.

Dungeon Overview and Level Annotations

Branches:
Dungeon (10/15)            Temple (1/1) D:7            Lair (0/5) D:9
    Orc: D:9-12

Altars:
Ashenzari
Cheibriados
Dithmenos
Elyvilon
Fedhas
Gozag
Hepliaklqana
Kikubaaqudgha
Makhleb
Nemelex Xobeh
Okawaru
Qazlal
Ru
Sif Muna
Trog
Uskayaw
Vehumet
Wu Jian
Xom
Yredelemnul
Zin
The Shining One

Shops:
D:3 (   D:9 (


Innate Abilities, Weirdness & Mutations

You have a pair of horns on your head.
You reflexively headbutt those who attack you in melee.


Message History

Your headbutt misses the molten gargoyle.
The molten gargoyle is lightly damaged.
You thump the molten gargoyle!
Your headbutt misses the molten gargoyle.
The molten gargoyle is heavily damaged.
The molten gargoyle blasts magma at you!
The bolt of magma hits you!
You hit the molten gargoyle.
You headbutt the molten gargoyle, but do no damage.
The molten gargoyle is severely damaged.
Your skin stops crawling.
You feel less strong-willed.
You hit the molten gargoyle but do no damage.
The molten gargoyle is severely damaged.
The molten gargoyle hits you with a +0 flail!
You are engulfed in flames!
The molten gargoyle blasts magma at you!
The bolt of magma hits you!!!
* * * LOW HITPOINT WARNING * * *
You feel much better.
The molten gargoyle hits you with a +0 flail!
* * * LOW HITPOINT WARNING * * *
You are engulfed in flames!
* * * LOW HITPOINT WARNING * * *
The molten gargoyle blasts magma at you!
The bolt of magma hits you!
* * * LOW HITPOINT WARNING * * *
You feel much better. You block the molten gargoyle's attack.
The orc priest calls down the wrath of Beogh upon you.
Beogh smites you!
* * * LOW HITPOINT WARNING * * *
As you read the scroll of teleportation, it crumbles to dust.
You feel strangely unstable. The molten gargoyle barely misses you.
You block the molten gargoyle's attack.
The orc wizard casts a spell.
The orc wizard flickers and vanishes!
Deactivating autopickup; reactivate with Ctrl-A.
The molten gargoyle hits you with a +0 flail!
* * * LOW HITPOINT WARNING * * *
You are engulfed in flames!
You die...

###..###........#....#
#....###........#...#
......#.......#.....###
#.......##..####......#
##......###.##......# ## #
##.....## #.##.....#.#.#.#
.......# #....#..#.#.#.#.#o#
........##.###...{##o.)≈.....
...........#..>.@.9o#§≈§≈S§≈.
#..........#.....9##9§≈§§≈≈≈.
.............##..## #.≈§88≈≈≈
............. #... §≈≈88≈≈.
........# #>.## .≈≈≈§§§≈
....#..# ##.# .≈§≈§§§. #.#
.....≈. #.# #.#.


You could see 3 molten gargoyles, an orc warrior and an orc priest.

Vanquished Creatures
  A two-headed ogre (D:10)
  A tengu warrior (D:8)
  Amaemon (D:8)
  A skeletal warrior (D:8)
  The ghost of superradish the Mimic, a novice OpSh (D:7)
  Pikel (D:8)
  A cyclops (D:8)
  An elephant (D:9)
  A molten gargoyle (D:10)
  An orange demon (D:8)
  A kobold demonologist (D:8)
  A komodo dragon (D:10)
  A troll (D:9)
  A slime creature (D:8)
  A shadow (D:8)
  2 wyverns
  22 yaks
  A vampire (D:9)
  A vampire mosquito (D:8)
  2 water moccasins
  5 orc warriors
  2 sky beasts
  An ice beast (D:6)
  3 centaurs
  4 kobold brigands
  5 bullfrogs
  4 scorpions
  A wight (D:8)
  8 killer bees
  3 howler monkeys
  4 hounds
  Crazy Yiuf (D:2)
  12 orc priests
  4 jellies
  A sleepcap (D:8)
  4 iguanas
  9 orc wizards
  4 adders
  A shadow imp (D:6)
  2 white imps
  2 dart slugs (D:5)
  2 ribbon worms
  30 orcs
  8 ball pythons
  2 bats
  6 endoplasms
  5 giant cockroaches
  10 goblins
  4 hobgoblins
  10 jackals
  15 kobolds
  4 quokkas
  3 frilled lizards
  5 rats
227 creatures vanquished.

Notes
Turn   | Place    | Note
-------+----------+-------------------------------------------
     0 | D:1      | Curundu the Minotaur Berserker began the quest for the Orb.
     0 | D:1      | Reached XP level 1. HP: 19/19 MP: 0/0
   229 | D:1      | Reached XP level 2. HP: 20/27 MP: 1/1
   619 | D:2      | Reached XP level 3. HP: 28/34 MP: 2/2
   785 | D:2      | Reached ** piety under Trog
  1400 | D:2      | Found a runed translucent door.
  1401 | D:2      | Noticed Crazy Yiuf
  1409 | D:2      | Killed Crazy Yiuf
  1410 | D:2      | Reached skill level 5 in Axes
  1410 | D:2      | Reached XP level 4. HP: 22/41 MP: 3/3
  1507 | D:3      | Found a faded altar of an unknown god.
  1607 | D:3      | Found a broken altar of Ashenzari.
  1666 | D:3      | Reached XP level 5. HP: 47/47 MP: 4/4
  1698 | D:3      | Found Xiujim's Weapon Emporium.
  1964 | D:3      | Reached skill level 5 in Fighting
  1967 | D:3      | Found a shimmering blue altar of Sif Muna.
  2037 | D:3      | Identified the +11 flail of Broken Luck {pain, Int+5}
  2312 | D:3      | Found a snail-covered altar of Cheibriados.
  2419 | D:4      | Noticed an orc warrior
  2423 | D:4      | Reached skill level 1 in Maces & Flails
  2427 | D:4      | Killed an orc warrior
  2428 | D:4      | Reached XP level 6. HP: 35/56 MP: 2/5
  2520 | D:4      | Found an ornate altar of the Wu Jian Council.
  3111 | D:5      | Entered Level 5 of the Dungeon
  3168 | D:5      | Reached skill level 2 in Maces & Flails
  3224 | D:5      | Identified the +5 ring mail of Nosela {+Blink Regen+}
  3261 | D:5      | Noticed a water moccasin
  3268 | D:5      | Killed a water moccasin
  3269 | D:5      | Reached skill level 3 in Maces & Flails
  3269 | D:5      | Reached XP level 7. HP: 50/61 MP: 4/6
  3669 | D:5      | Found a glowing silver altar of Zin.
  3941 | D:6      | Found an iron altar of Okawaru.
  4017 | D:6      | Reached skill level 4 in Maces & Flails
  4017 | D:6      | Reached skill level 5 in Armour
  4085 | D:6      | Found a radiant altar of Vehumet.
  4149 | D:6      | Reached skill level 5 in Maces & Flails
  4176 | D:6      | Reached XP level 8. HP: 44/70 MP: 4/7
  4283 | D:6      | Reached *** piety under Trog
  4388 | D:6      | Reached skill level 6 in Maces & Flails
  4796 | D:7      | Reached skill level 7 in Maces & Flails
  4851 | D:7      | Found a large runed translucent door.
  4853 | D:7      | Found a large runed translucent door.
  4866 | D:7      | Noticed superradish's ghost (novice OpSh)
  4933 | D:7      | Found a staircase to the Ecumenical Temple.
  4944 | D:7      | Reached skill level 1 in Shields
  4950 | Temple   | Entered the Ecumenical Temple
  5057 | D:7      | Reached skill level 1 in Evocations
  5245 | D:7      | Found a white marble altar of Elyvilon.
  5514 | D:7      | Killed superradish's ghost
  5515 | D:7      | Reached XP level 9. HP: 74/78 MP: 8/8
  5658 | D:8      | Reached skill level 8 in Maces & Flails
  5678 | D:8      | Noticed Pikel
  5684 | D:8      | Killed Pikel
  5685 | D:8      | Reached skill level 5 in Dodging
  5753 | D:8      | Found a burning altar of Makhleb.
  5786 | D:8      | Found a bloodstained altar of Trog.
  5789 | D:8      | Noticed an orange demon
  5792 | D:8      | Found a blossoming altar of Fedhas.
  5792 | D:8      | Found a sacrificial altar of Ru.
  5806 | D:8      | Killed an orange demon
  5807 | D:8      | Noticed Amaemon
  5819 | D:8      | Killed Amaemon
  5820 | D:8      | Reached skill level 9 in Maces & Flails
  5857 | D:8      | Reached XP level 10. HP: 33/86 MP: 9/9
  6127 | D:8      | Noticed a cyclops
  6131 | D:8      | Noticed a tengu warrior
  6349 | D:8      | Killed a tengu warrior
  6350 | D:8      | Reached skill level 5 in Shields
  6395 | D:8      | Killed a cyclops
  6396 | D:8      | Reached skill level 10 in Maces & Flails
  6477 | D:8      | Noticed a skeletal warrior
  6489 | D:8      | Killed a skeletal warrior
  6901 | D:8      | Reached **** piety under Trog
  7095 | D:9      | Found Rentimo's Antique Weapon Emporium.
  7155 | D:9      | Reached XP level 11. HP: 73/94 MP: 7/10
  7378 | D:9      | Reached skill level 11 in Maces & Flails
  7501 | D:9      | Reached skill level 10 in Armour
  7631 | D:9      | Found a staircase to the Lair.
  8049 | D:10     | Entered Level 10 of the Dungeon
  8049 | D:10     | Found a hazy altar of Hepliaklqana.
  8166 | D:10     | Reached skill level 5 in Evocations
  8340 | D:10     | Noticed a two-headed ogre
  8348 | D:10     | Killed a two-headed ogre
  8349 | D:10     | Reached skill level 12 in Maces & Flails
  8440 | D:10     | HP: 4/95 [molten gargoyle/bolt of magma (7)]
  8443 | D:10     | Slain by a molten gargoyle

Illustrated notes

Levels and vault maps discovered:
D:1:      dpeg_arrival_windows_large_door, layout_basic
D:2:      minmay_wonky_spiral, layout_rooms, minmay_puff,
          uniq_crazy_yiuf_cottage
D:3:      layout_basic, nicolae_sif_muna_little_library,
          nicolae_ashenzari_panopticon, slow_altar_2,
          ebering_ecumenical_altar_petrified, serial_shops, shop
D:4:      layout_loops_cross, mainiacjoe_overflow_alcove_1
D:5:      layout_basic, amcnicky_altar_gilded
D:6:      layout_loops_cross, vehumet_crystals, okawaru_ov_weapons_minmay,
          minmay_unpleasant_kobolds
D:7:      layout_cave_pools, nicolae_elyvilon_temple_path,
          minmay_temple_entry_stoned_glass, ebering_ghost_disaster_area,
          hex_large, david_defended_altar_orc
D:8:      layout_loops_ring, general_overflow_altar,
          chequers_temple_overflow_statue_of_worship,
          chequers_serial_rivers_marsh, minmay_shattered_shrine, uniq_amaemon,
          uniq_pikel
D:9:      layout_long_grid, grunt_lair_entry_orc_guard_hut, serial_shops,
          nicolae_shop_temple_entry_statues_fountains
D:10:     layout_cave_pools, mainiacjoe_overflow_brackets, minivault_8
Temple:   chequers_temple_sunken

Skill      XL: |  1  2  3  4  5  6  7  8  9 10 11 |
---------------+----------------------------------+-----
Fighting       | 4 5 6 7 8 |  8.8
Axes           | 4 5 6 |  6.2
Armour         | 3 4 6 7 8 9 10 | 10.4
Dodging        | 3 4 5 7 |  7.9
Maces & Flails | 1 3 5 7 9 10 12 | 12.1
Shields        | 2 4 6 7 |  7.1
Evocations     | 1 3 4 5 |  5.3
Stealth        | |  0.4

Action                     |  1- 3 |  4- 6 |  7- 9 | 10-12 || total
---------------------------+-------+-------+-------+-------++-------
  Melee: Hand axe          |    87 |    16 |       |       ||   103
         Headbutt          |     8 |    11 |    19 |    50 ||    88
         Punch             |     1 |       |     1 |       ||     2
         Flail             |       |    37 |   152 |   240 ||   429
         War axe           |       |    17 |       |       ||    17
 Invoke: Trog's Hand       |     1 |     3 |     5 |     5 ||    14
         Berserk           |       |       |     1 |     1 ||     2
    Use: Scroll            |       |       |       |    13 ||    13
         Potion            |       |       |       |     2 ||     2
 Armour: Animal skin       |    29 |       |       |       ||    29
         Ring mail         |    24 |    32 |       |       ||    56
         Chain mail        |       |    12 |    91 |       ||   103
         Plate armour      |       |       |   106 |   192 ||   298
  Dodge: Dodged            |    61 |    44 |    81 |   116 ||   302
  Block: Buckler           |       |       |       |    29 ||    29
